 Dungeon Crawl Stone Soup version 0.22-a0-430-g6609fc6 (webtiles) character file.

1 hyperquik the Skirmisher (level 1, -19/19 HPs)
             Began as a Ghoul Berserker on May 26, 2018.
             Demolished by a polar bear (21 damage)
             ... created by the rage of Trog
             ... on level 1 of the Dungeon.
             The game lasted 00:00:57 (69 turns).

hyperquik the Skirmisher (Ghoul Berserker)            Turns: 69, Time: 00:00:58

Health: -19/19     AC:  2    Str: 19    XL:     1   Next: 20%
Magic:  0/0        EV: 12    Int:  3    God:
Gold:   9          SH:  0    Dex:  8    Spells: 0/0 levels left

rFire    . . .     SeeInvis .   a - +0 hand axe
rCold    + . .     Gourm    .   (no shield)
rNeg     + + +     Faith    .   b - +0 animal skin
rPois    ∞         Spirit   .   (no helmet)
rElec    .         Reflect  .   (no cloak)
rCorr    .         Harm     .   (no gloves)
MR       .....                  (no boots)
Stlth    +.........             (no amulet)
HPRegen  0.00/turn              (no ring)
MPRegen  0.07/turn              (no ring)

@: rotting
A: rotting body, claws 1, carnivore, cold resistance 1, negative energy
resistance 3, inhibited regeneration, torment resistance, unbreathing
a: no special abilities


You were on level 1 of the Dungeon.
You were not hungry.

You visited 1 branch of the dungeon, and saw 1 of its levels.

You collected 9 gold pieces.

Inventory:

Hand Weapons
 a - a +0 hand axe (weapon)
Armour
 b - a +0 animal skin (worn)
Comestibles
 c - 3 chunks of flesh
 e - a ration


   Skills:
 - Level 3.2 Fighting
 + Level 2.8 Axes
 - Level 1.7 Armour
 - Level 1.7 Dodging


You couldn't memorise any spells.
You didn't know any spells.
Your spell library was empty.

Dungeon Overview and Level Annotations

Branches:
Dungeon (1/15)

Altars:


Innate Abilities, Weirdness & Mutations

Your body is rotting away.
You thrive on raw meat.
You are immune to poison.
You have sharp fingernails.
You are carnivorous and can eat meat at any time.
Your flesh is cold resistant. (rC+)
You are immune to negative energy. (rN+++)
You do not regenerate when monsters are visible.
You are immune to unholy pain and torment.
You can survive without breathing.


Message History

The polar bear bites you.
* * * LOW HITPOINT WARNING * * *
The polar bear misses you. x2
You take 6 damage, and have 11/19 hp.
MASSIVE DAMAGE!!
You are too injured to fight recklessly!
You are too injured to fight recklessly!
You hit the polar bear but do no damage.
You hit the bat.
The bat barely misses you. x2; The polar bear bites you.
* * * LOW HITPOINT WARNING * * *
The polar bear completely misses you. The polar bear closely misses you.
You take 3 damage, and have 8/19 hp.
You hit the polar bear. You barely miss the bat. The bat barely misses you.
The polar bear bites you.
* * * LOW HITPOINT WARNING * * *
The polar bear claws you.
* * * LOW HITPOINT WARNING * * *
The polar bear barely misses you. The polar bear bites you!!
Ouch! That really hurt!
You die...

...# ###.####.#######
####..............#
#......###...####.#
#......###..)####.#
#...%..........##.#
#.(....###...#.##.###
.......###..........#
#.!..@hh........#.#
#....######...###.#
#...... #####...# #.#
#..#b.. #..§....###.#
#. #... #...§...##..#
. .... #..§....##.##
.##.. #.###§§§#### #.
#.# ###..§#§§.##
#.........#


You could see 2 polar bears and a bat.

Vault maps used:
D:1:      shiori_arrival_elements

Notes
Turn   | Place    | Note
-------+----------+-------------------------------------------
     0 | D:1      | hyperquik the Ghoul Berserker began the quest for the Orb.
     0 | D:1      | Reached XP level 1. HP: 19/19 MP: 0/0
     0 | D:1      | Fell from the grace of Trog
    60 | D:1      | Noticed a polar bear
    60 | D:1      | Noticed a polar bear
    69 | D:1      | HP: 2/19 [polar bear[the rage of Trog] (3)]
    69 | D:1      | Demolished by a polar bear

Table legend:
 A = Turns spent in this place as a percentage of turns spent in the entire game.
 B = Non-inter-level travel turns spent in this place as a percentage of non-inter-level travel turns spent in the entire game.
 C = Inter-level travel turns spent in this place as a percentage of turns spent in this place.
 D = Turns resting spent in this place as a percentage of non-inter-level travel turns spent in this place.
 E = Turns spent auto-exploring this place as a percentage of non-inter-level travel turns spent in this place.
 F = Non-inter-level travel turns spent in this place divided by the number of levels of this place that you've seen.
                   A       B       C       D       E      F
               +-------+-------+-------+-------+-------+----------------------
         Total | 100.0 | 100.0 |   0.0 |   0.0 |  72.5 |  69.0
       Dungeon | 100.0 | 100.0 |   0.0 |   0.0 |  72.5 |  69.0
               +-------+-------+-------+-------+-------+----------------------

Table legend:
 A = Kills in this place as a percentage of kills in entire the game.
 B = Kills by you in this place as a percentage of kills by you in the entire game.
 C = Kills by friends in this place as a percentage of kills by friends in the entire game.
 D = Other kills in this place as a percentage of other kills in the entire game.
 E = Experience gained in this place as a percentage of experience gained in the entire game.
 F = Experience gained in this place divided by the number of levels of this place that you have seen.
                   A       B       C       D       E      F
               +-------+-------+-------+-------+-------+----------------------
         Total | 100.0 | 100.0 |   N/A |   N/A | 100.0 |   2.0
       Dungeon | 100.0 | 100.0 |   N/A |   N/A | 100.0 |   2.0
               +-------+-------+-------+-------+-------+----------------------

Action                   || total
-------------------------++-------
Melee: Hand axe          ||     8
Invok: Renounce Religion ||     1
Armor: Animal skin       ||     2
Dodge: Dodged            ||    22

Vanquished Creatures
  A kobold (D:1)
1 creature vanquished.
